 Dungeon Crawl Stone Soup version 0.20.1-1-g8b1a95d (webtiles) character file.

366994 Gargoyl the Impregnable (level 21, -26/174 HPs)
             Began as a Minotaur Abyssal Knight on Sept 29, 2017.
             Was the Champion of Lugonu.
             Killed from afar by an ancient lich (79 damage)
             ... with an iron shot
             ... on level 4 of the Vaults on Oct 1, 2017.
             The game lasted 01:58:26 (52779 turns).

Gargoyl the Impregnable (Minotaur Abyssal Knight)  Turns: 52779, Time: 01:58:26

Health: -26/174    AC: 49    Str: 33    XL:     21   Next: 61%
Magic:  32/32      EV:  9    Int:  9    God:    Lugonu [******]
Gold:   1986       SH: 24    Dex: 14    Spells: 20/20 levels left

rFire    + . .     SeeInvis +   t - +3 falchion (holy)
rCold    . . .     Gourm    .   I - +5 shield {reflect}
rNeg     + + .     Faith    .   a - +8 crystal plate armour of the Marlin {Str+3 Stlth+}
rPois    +         Spirit   .   M - +2 hat
rElec    +         Reflect  +   n - +2 cloak
rCorr    .         Harm     .   S - +2 pair of gloves {Str+3}
MR       ++...     Clarity  +   H - +2 pair of boots "Aruo" {rN+}
Stlth    ..........             y - amulet "Egimost" {Reflect rF+ MR+ SH+2 Stlth+}
Regen    0.4/turn               N - ring "Xerchom" {rElec rPois Str+4}
MPRegen  0.3/turn               R - ring of positive energy

@: drained
A: retaliatory headbutt, horns 2, see invisible, clarity, frail 1, poison
resistance, wild magic 1
}: 2/15 runes: barnacled, gossamer
a: Depart the Abyss, Bend Space, Banish, Corrupt, Enter the Abyss, Brand Weapon
With Distortion, Renounce Religion


You were on level 4 of the Vaults.
You worshipped Lugonu.
Lugonu was exalted by your worship.
You were completely stuffed.

You visited 6 branches of the dungeon, and saw 36 of its levels.
You visited the Abyss 2 times.
You also visited: Labyrinth and Ice Cave.

You collected 3641 gold pieces.
You spent 1655 gold pieces at shops.

Inventory:

Hand Weapons
 k - a +1 broad axe of freezing
 t - a +3 falchion of holy wrath (weapon)
 u - a +4 war axe of draining
 L - a +0 war axe
 U - the +7 hand axe "Axiqut" {drain, Str+7 Dex+4}
   (You bought it in a shop on level 2 of the Orcish Mines)

   A truly terrible weapon, it drains the life of those it strikes.
   It affects your strength (+7).
   It affects your dexterity (+4).
Missiles
 x - 33 javelins (quivered)
Armour
 a - the +8 crystal plate armour of the Marlin (worn) {Str+3 Stlth+}
   (You acquired it on level 3 of the Lair of Beasts)

   It affects your strength (+3).
   It makes you more stealthy.
 n - a +2 cloak (worn)
 B - the +1 pair of gloves of the Camelopard {rC+ MR++ Int-2 Stlth+}
   (You found it on level 2 of the Vaults)

   It affects your intelligence (-2).
   It protects you from cold.
   It affects your resistance to hostile enchantments.
   It makes you more stealthy.
 H - the +2 pair of boots "Aruo" (worn) {rN+}
   (You bought it in a shop on level 4 of the Dungeon)

   It protects you from negative energy.
 I - a +5 shield of reflection (worn)
 M - a +2 hat (worn)
 S - a +2 pair of gloves of strength (worn)
Jewellery
 v - an uncursed ring of resist corrosion
 w - an uncursed ring of positive energy
 y - the amulet "Egimost" (around neck) {Reflect rF+ MR+ SH+2 Stlth+}
   (You found it on level 4 of the Dungeon)

   [amulet of reflection]

   It shields you and reflects attacks.
   It protects you from fire.
   It affects your resistance to hostile enchantments.
   It affects your SH (+2).
   It makes you more stealthy.
 E - a +4 ring of dexterity
 K - the ring of the Bull {-Tele rElec rPois Int+4 Stlth-, unknown}
   (You took it off a merfolk aquamancer on level 4 of the Shoals)

   [ring of intelligence]

   It affects your intelligence (+4).
   It insulates you from electricity.
   It protects you from poison.
   It prevents most forms of teleportation.
   It makes you less stealthy.
 N - the ring "Xerchom" (left hand) {rElec rPois Str+4}
   (You found it in a labyrinth)

   [ring of poison resistance]

   It affects your strength (+4).
   It insulates you from electricity.
   It protects you from poison.
 R - a ring of positive energy (right hand)
 T - an uncursed ring of protection from cold
Wands
 O - a wand of iceblast (7/15)
 W - a wand of digging (9/24)
 X - a wand of digging (13/24)
Scrolls
 d - 3 scrolls of blinking
 e - 2 scrolls of silence
 g - 6 scrolls of teleportation
 h - 2 scrolls of magic mapping
 i - a scroll of enchant armour
 q - 14 scrolls of identify
 r - 6 scrolls of recharging
 z - 14 scrolls of remove curse
 A - 2 scrolls of fear
 Q - a scroll of summoning
 V - a scroll of fog
Potions
 f - 11 potions of curing
 l - 2 potions of haste
 m - 8 potions of agility
 o - 5 potions of heal wounds
 p - 9 potions of flight
 s - 2 potions of cancellation
 F - 3 potions of brilliance
 G - a potion of berserk rage
 J - 8 potions of might
 P - 2 potions of magic
 Y - 4 potions of ambrosia
Books
 C - a book of Necromancy

   Spells                             Type                      Level
   a - Pain                           Necromancy                   1
   b - Animate Skeleton               Necromancy                   1
   c - Vampiric Draining              Necromancy                   3
   d - Regeneration                   Charms/Necromancy            3
   e - Animate Dead                   Necromancy                   4
   f - Control Undead                 Necromancy                   4
Comestibles
 b - a royal jelly
 c - 10 bread rations
 j - 24 meat rations
 D - 32 fruits


   Skills:
 + Level 18.0(17.9) Fighting
 + Level 20.4(20.3) Axes
 + Level 1.1(1.0) Throwing
 * Level 21.5(21.4) Armour
 + Level 3.6(3.5) Dodging
 + Level 20.7(20.6) Shields
 * Level 17.2(17.1) Invocations


You had 20 spell levels left.
You didn't know any spells.

Dungeon Overview and Level Annotations

Branches:
Dungeon (15/15)            Temple (0/1) D:6            Lair (6/6) D:9
 Shoals (4/4) Lair:4       Spider (4/4) Lair:3        Slime (0/5) Lair:6
    Orc (2/2) D:10            Elf (0/3) Orc:2        Vaults (5/5) D:13
  Crypt (0/3) Vaults:3     Depths (0/5) D:15

Altars:
Cheibriados
Dithmenos
Elyvilon
Fedhas
Makhleb
Okawaru
Qazlal
Sif Muna
Uskayaw
Vehumet
Xom
Yredelemnul
Zin
The Shining One

Shops:
D:4 [   D:6 (   D:13 ?   D:14 [   Orc:2 ![([}   Vaults:1 ([   Vaults:2 (

Annotations:
Vaults:5 corrupted


Innate Abilities, Weirdness & Mutations

You reflexively headbutt those who attack you in melee.
You have a pair of horns on your head.
You have supernaturally acute eyesight. (SInv)
You possess an exceptional clarity of mind.
You are frail. (-10% HP)
Your system is resistant to poisons. (rPois)
Your spells are a little harder to cast, but a little more powerful.


Message History

You block the ancient lich's attack. You block the lorocyproca's attack.
The ancient lich points at you and mumbles some strange words.
The iron shot hits you!
* * * LOW HITPOINT WARNING * * *
The lorocyproca hits you but does no damage.
You feel much better. The ancient lich casts a spell at you.
You resist with significant effort. You block the lorocyproca's attack.
You feel much better. You block the ancient lich's attack.
You block the lorocyproca's attack.
You closely miss the ancient lich.
You headbutt the ancient lich, but do no damage.
The ancient lich is severely damaged.
You block the ancient lich's attack. You block the lorocyproca's attack.
Unknown command.
You hit the ancient lich but do no damage.
The ancient lich is severely damaged.
The ancient lich points at you and mumbles some strange words.
The iron shot hits you!
You die...

....# #.#...#.#..# ....#
#########..# ....# #*.#
....######## #..# ....#......#
#..# ....#......###########
#..# ....#......##........#
#..# ....#......##..)))...#
#..# ....'......##(.L@)...#
#..# ....#......##..)2[..(#
#..# ....#......##...(((..#
#..# ....#########........#
#..#
####################(#######..#
..............................#
.................^....(.......#
###############################


You could see an ancient lich (invisible) and a lorocyproca (invisible).

Vanquished Creatures
  Sojobo (Vaults:4)
  Frederick (Vaults:2)
  Margery (Vaults:4)
  Jorgrun (Vaults:4)
  A tentacled monstrosity (Vaults:5)
  A quicksilver dragon (Vaults:4)
  A titan (Vaults:4)
  Asterion (Vaults:1)
  The ghost of Cedric the Bludgeoner, an adept GrGl of Makhleb (Shoals:4)
  4 sphinxes
  2 storm dragons
  3 krakens
  2 shadow dragons
  Roxanne (Shoals:2)
  Ilsuiw (Shoals:3)
  Kirke (Lair:4)
  4 tengu reavers
  2 fire giants (Vaults:4)
  Aizul (Vaults:1)
  The ghost of Patr1k the Severer, an adept GrBe of Trog (Orc:2)
  2 ghost moths
  2 frost giants (Vaults:4)
  2 deep elf sorcerers
  2 iron dragons
  A deep elf elementalist (Vaults:5)
  11 vault wardens
  10 emperor scorpions
  A very ugly thing (Vaults:3)
  A reaper (IceCv)
  13 ironheart preservers
  6 stone giants
  A war gargoyle (Vaults:4)
  An entropy weaver (Spider:4)
  A dire elephant (Lair:6)
  5 deep elf death magi
  3 deep elf annihilators
  3 merfolk javelineers (Shoals:4)
  5 ettins
  12 merfolk impalers
  A minotaur (Lab)
  6 great orbs of eyes
  Josephine (D:12)
  9 yaktaur captains
  Erolcha (Orc:2)
  30 vault guards
  5 ice dragons
  2 alligator snapping turtles
  4 merfolk avatars
  Harold (D:11)
  7 centaur warriors
  Erica (D:11)
  A death knight (D:14)
  5 merfolk aquamancers
  6 catoblepae
  6 death yaks
  A deep troll shaman (Lair:6)
  A tengu warrior (D:13)
  28 two-headed ogres
  6 ogre magi
  2 deep troll earth magi (Vaults:2)
  The ghost of Ortega the Basher, a novice TrBe of Trog (D:8)
  Urug (D:11)
  4 deep elf knights
  2 hell knights
  Nergalle (Lair:3)
  2 fire crabs (shapeshifter) (Vaults:2)
  A shadow wraith (Vaults:4)
  A storm dragon skeleton (Vaults:4)
  6 deep trolls (Vaults:2)
  A sea snake (shapeshifter) (Vaults:3)
  An unseen horror (shapeshifter) (D:14)
  7 sea snakes
  2 unseen horrors
  A flayed ghost (Vaults:1)
  A glowing orange brain (Vaults:4)
  17 ironbrand convokers
  The ghost of mimosa the Cleaver, a novice HOBe of Trog (D:6)
  2 phantasmal warriors
  4 deep elf archers
  16 deep elf magi
  A lindwurm (shapeshifter) (D:13)
  A lindwurm (Lair:4)
  2 wizards
  27 harpies
  15 orb spiders
  6 necromancers
  An oklob plant (Lair:6)
  2 orc sorcerers
  31 ugly things
  A wolf spider zombie (D:15)
  9 orc knights
  15 cyclopes
  24 wolf spiders
  19 manticores
  2 moths of wrath
  8 fauns
  A salamander (shapeshifter) (Vaults:3)
  19 elephants
  A guardian serpent (shapeshifter) (Vaults:1)
  5 black mambas
  9 merfolk sirens
  3 ice statues
  11 water nymphs
  4 centaur zombies
  10 vault sentinels
  A spiny frog (shapeshifter) (Vaults:1)
  A torpor snail (Spider:4)
  19 spiny frogs
  2 gargoyles
  A yaktaur (shapeshifter) (Vaults:2)
  2 rime drakes
  15 yaktaurs
  14 demonic crawlers
  A rime drake (shapeshifter) (Vaults:4)
  8 komodo dragons
  9 ice devils (IceCv)
  3 efreet (D:14)
  2 yaktaur skeletons (Vaults:4)
  3 freezing wraiths
  25 jumping spiders
  39 merfolk
  6 trolls
  2 wind drakes
  8 hornets
  3 meliai (Lair:4)
  A hornet (shapeshifter) (Vaults:3)
  18 blink frogs
  3 polar bears (Lair:6)
  2 raiju (shapeshifter)
  A queen bee (Lair:4)
  A frost giant simulacrum (Vaults:4)
  A wind drake (shapeshifter) (Vaults:2)
  19 slime creatures
  11 snapping turtles
  11 hippogriffs
  27 dream sheep
  A dream sheep (shapeshifter) (Vaults:3)
  A spriggan (shapeshifter) (Vaults:3)
  43 tarantellas
  7 wyverns
  49 redbacks
  11 water elementals
  An ettin skeleton (Vaults:5)
  3 shadows
  7 wraiths
  2 yaks (shapeshifter) (Vaults:3)
  A vampire (D:13)
  62 yaks
  A fire elemental (Lair:6)
  4 hogs (Lair:4)
  9 vampire mosquitoes
  10 basilisks
  A redback simulacrum (D:15)
  A hungry ghost (D:12)
  A soldier ant (D:13)
  6 wargs
  An acid dragon (Vaults:1)
  12 water moccasins
  A floating eye (shapeshifter) (Vaults:4)
  A water moccasin (shapeshifter) (D:13)
  9 porcupines
  3 phantoms
  A black bear (D:9)
  3 eyes of draining
  13 ice beasts
  3 sky beasts
  42 orc warriors
  16 centaurs
  19 ogres
  5 boggarts (Vaults:3)
  2 human zombies (Vaults:4)
  14 wolves
  3 human skeletons
  18 crocodiles
  7 big kobolds
  18 bullfrogs
  A bullfrog (shapeshifter) (D:14)
  2 wyvern skeletons
  3 scorpions
  3 human simulacra
  43 killer bees
  12 wights
  7 electric eels
  A howler monkey (D:4)
  18 crimson imps
  2 bullfrog zombies
  6 hounds
  2 quasits
  7 jellies
  Crazy Yiuf (D:2)
  8 orc priests
  5 bullfrog skeletons
  8 centaur skeletons
  21 orc wizards
  3 iguanas
  12 worker ants
  Terence (D:3)
  2 hound zombies
  A hound skeleton (D:10)
  2 worker ant zombies
  Robin (D:2)
  A gnoll (D:7)
  4 adders
  4 shadow imps
  7 white imps (IceCv)
  7 ufetubi (IceCv)
  15 oozes
  3 adder skeletons
  An adder zombie (D:7)
  4 worms
  A dart slug (D:1)
  A leopard gecko (D:2)
  107 orcs
  8 giant cockroaches
  12 hobgoblins
  10 jackals
  18 kobolds
  5 quokkas
  A ball python (D:1)
  9 bats
  4 frilled lizards
  22 goblins
  7 rats
  4 fungi
  19 plants
  4 tentacles
1657 creatures vanquished.

Vanquished Creatures (others)
  Nessos (D:14)
  2 merfolk javelineers (Shoals:4)
  A fire dragon (Shoals:3)
  The ghost of Timinator the Arsonist, a journeyman DrFE of Sif Muna (Lair:1)
  A yaktaur captain (Vaults:1)
  8 hydras
  An alligator snapping turtle (Shoals:3)
  A lindwurm (shapeshifter) (Vaults:5)
  8 oklob plants
  A faun (Shoals:1)
  3 cyclopes
  2 vault sentinels
  3 yaktaurs
  A hornet (Spider:4)
  A redback (Spider:4)
  A yak (Lair:4)
  An elf skeleton (Vaults:5)
  3 orc warriors
  A boggart (shapeshifter) (Vaults:3)
  A boggart (Vaults:3)
  5 centaurs
  A hound (D:14)
  3 white imps (IceCv)
  4 ufetubi (IceCv)
  2 orcs
  2 bushes (Shoals:3)
  16 fungi
  47 plants
  6 starspawn tentacles (Vaults:5)
  11 tentacles
  A withered plant (Shoals:3)
140 creatures vanquished.

Grand Total: 1797 creatures vanquished

Notes
Turn   | Place    | Note
-------+----------+-------------------------------------------
     0 | Abyss:1  | Gargoyl the Minotaur Abyssal Knight began the quest for the Orb.
     0 | Abyss:1  | Reached XP level 1. HP: 19/19 MP: 1/1
   103 | Abyss:1  | Noticed a thrashing horror
   108 | D:1      | Escaped the Abyss
   324 | D:1      | Reached XP level 2. HP: 27/27 MP: 2/2
   529 | D:1      | Reached * piety under Lugonu
   817 | D:1      | Reached skill level 3 in Armour
   952 | D:2      | Reached XP level 3. HP: 33/33 MP: 3/3
   974 | D:2      | Noticed Robin
   987 | D:2      | Killed Robin
   996 | D:2      | Reached ** piety under Lugonu
  1286 | D:2      | Reached XP level 4. HP: 38/41 MP: 4/4
  1303 | D:2      | Found a shadowy altar of Dithmenos.
  1306 | D:2      | Found a hide-covered altar of Uskayaw.
  1308 | D:2      | Found a deep blue altar of Sif Muna.
  1417 | D:2      | Found a runed door.
  1618 | D:2      | Noticed Crazy Yiuf
  1626 | D:2      | Killed Crazy Yiuf
  1925 | D:3      | Reached XP level 5. HP: 37/47 MP: 5/5
  2057 | D:3      | Reached *** piety under Lugonu
  2064 | D:3      | Reached skill level 4 in Armour
  2371 | D:3      | Found a faded altar of an unknown god.
  2476 | D:3      | Noticed Terence
  2486 | D:3      | Killed Terence
  2622 | D:3      | Found a white marble altar of Elyvilon.
  2692 | D:3      | Found a basalt altar of Yredelemnul.
  3272 | D:3      | Reached XP level 6. HP: 36/55 MP: 7/7
  3444 | D:4      | Reached skill level 5 in Armour
  3522 | D:4      | Reached skill level 1 in Shields
  3649 | D:4      | Reached skill level 5 in Axes
  3837 | D:4      | Reached XP level 7. HP: 60/60 MP: 8/8
  3918 | D:4      | Got a bound copper amulet
  3919 | D:4      | Identified the amulet "Egimost" {Reflect rF+ MR+ SH+2 Stlth+} (You found it on level 4 of the Dungeon)
  3952 | D:4      | Reached skill level 5 in Fighting
  4033 | D:4      | Found Ygeqaipp's Armour Boutique.
  4167 | D:4      | Found a shimmering altar of Xom.
  4425 | D:5      | Entered Level 5 of the Dungeon
  4490 | D:5      | Reached skill level 6 in Armour
  4537 | D:5      | Reached **** piety under Lugonu
  4599 | D:5      | Found a shimmering altar of Xom.
  4999 | D:6      | Found Voxzial's Antique Weapon Emporium.
  5050 | D:6      | Reached XP level 8. HP: 67/69 MP: 9/9
  5075 | D:6      | Found a staircase to the Ecumenical Temple.
  5077 | D:6      | Noticed mimosa's ghost (novice HOBe)
  5341 | D:6      | Reached skill level 7 in Armour
  5363 | D:6      | Killed mimosa's ghost
  5363 | D:6      | Reached skill level 8 in Armour
  6463 | D:7      | Found a glowing golden altar of the Shining One.
  6488 | D:7      | Reached XP level 9. HP: 58/75 MP: 11/11
  6550 | D:7      | Found a stormy altar of Qazlal.
  6643 | D:4      | Bought the +2 pair of boots "Aruo" {rN+} for 282 gold pieces
  6692 | D:7      | Reached skill level 9 in Armour
  6771 | D:7      | Reached skill level 5 in Invocations
  6787 | D:7      | Gained mutation: Armour fits poorly on your strangely shaped body. [mutagenic meat]
  6788 | D:7      | Gained mutation: Your spells are a little easier to cast, but a little less powerful. [mutagenic meat]
  6789 | D:7      | Gained mutation: Your magical capacity is low. (-10% MP) [mutagenic meat]
  6790 | D:7      | Gained mutation: Your magical capacity is very low. (-20% MP) [mutagenic meat]
  6792 | D:7      | Gained mutation: You are dopey. (Int -2) [mutagenic meat]
  6971 | D:7      | Found a radiant altar of Vehumet.
  6996 | D:7      | Gained mutation: Your system is resistant to poisons. (rPois) [mutagenic meat]
  6997 | D:7      | Gained mutation: You evolve. [mutagenic meat]
  7292 | D:7      | Found a snail-covered altar of Cheibriados.
  7592 | D:7      | Gained mutation: You are covered in fur. (AC +1) [evolution]
  8040 | D:7      | Lost mutation: Your magical capacity is very low. (-20% MP) [potion of mutation]
  8040 | D:7      | Lost mutation: Your system is resistant to poisons. (rPois) [potion of mutation]
  8040 | D:7      | Lost mutation: Your magical capacity is low. (-10% MP) [potion of mutation]
  8040 | D:7      | Lost mutation: You evolve. [potion of mutation]
  8040 | D:7      | Lost mutation: Armour fits poorly on your strangely shaped body. [potion of mutation]
  8040 | D:7      | Lost mutation: You are dopey. (Int -2) [potion of mutation]
  8040 | D:7      | Gained mutation: You have a pair of large horns on your head. [potion of mutation]
  8040 | D:7      | Lost mutation: Your spells are a little easier to cast, but a little less powerful. [potion of mutation]
  8040 | D:7      | Gained mutation: Your flesh is cold resistant. (rC+) [potion of mutation]
  8232 | D:8      | Reached skill level 10 in Armour
  8363 | D:8      | Noticed Ortega's ghost (novice TrBe)
  8858 | D:8      | Reached XP level 10. HP: 70/84 MP: 13/13
  9291 | D:8      | Noticed a three-headed hydra
  9331 | D:8      | Banished a four-headed hydra
  9331 | D:8      | Reached skill level 10 in Axes
  9675 | D:8      | Killed Ortega's ghost
  9846 | D:9      | Reached skill level 11 in Armour
 10041 | D:9      | Noticed a red ugly thing
 10056 | D:9      | Killed a red ugly thing
 10200 | D:9      | Noticed a balrug
 10201 | D:9      | Found a burning altar of Makhleb.
 10204 | D:9      | Found a glowing silver altar of Zin.
 10204 | D:9      | Noticed an angel
 10269 | D:9      | Found a staircase to the Lair.
 10382 | D:9      | Found a blossoming altar of Fedhas.
 10671 | D:10     | Entered Level 10 of the Dungeon
 10691 | Lair:1   | Entered Level 1 of the Lair of Beasts
 10691 | Lair:1   | Noticed an eight-headed hydra
 10692 | Lair:1   | Banished an eight-headed hydra
 10692 | Lair:1   | Reached skill level 5 in Shields
 10780 | Lair:1   | Reached XP level 11. HP: 75/93 MP: 15/15
 10857 | Lair:1   | Noticed Timinator's ghost (journeyman DrFE)
 10861 | Lair:1   | Cast into level 2 of the Abyss (Timinator's ghost)
 10865 | Abyss:2  | Noticed a purple draconian
 10888 | Lair:1   | Escaped the Abyss
 10914 | Lair:1   | Banished Timinator's ghost
 11444 | Lair:1   | Noticed an oklob plant
 11451 | Lair:1   | Banished an oklob plant
 11457 | Lair:1   | Noticed an oklob plant
 11503 | Lair:1   | Banished an oklob plant
 11576 | Lair:1   | Noticed a five-headed hydra
 11579 | Lair:1   | Banished a five-headed hydra
 11735 | Lair:1   | You fall through a shaft!
 12085 | Lair:2   | Noticed an eight-headed hydra
 12089 | Lair:2   | Banished an eight-headed hydra
 12241 | Lair:2   | Lost mutation: You have a pair of large horns on your head. [potion of mutation]
 12241 | Lair:2   | Lost mutation: Your flesh is cold resistant. (rC+) [potion of mutation]
 12241 | Lair:2   | Gained mutation: You possess an exceptional clarity of mind. [potion of mutation]
 12241 | Lair:2   | Gained mutation: Armour fits poorly on your strangely shaped body. [potion of mutation]
 12241 | Lair:2   | Gained mutation: Your system is resistant to poisons. (rPois) [potion of mutation]
 12241 | Lair:2   | Gained mutation: You evolve. [potion of mutation]
 12306 | Lair:2   | Reached skill level 12 in Armour
 13278 | Lair:2   | Noticed an oklob plant
 13333 | Lair:2   | Noticed an oklob plant
 13399 | Lair:2   | Banished an oklob plant
 13401 | Lair:2   | Banished an oklob plant
 13401 | Lair:2   | Reached XP level 12. HP: 47/103 MP: 13/18
 14424 | Lair:3   | Noticed Nergalle
 14443 | Lair:3   | Killed Nergalle
 14704 | Lair:3   | Identified a scroll of acquirement
 14705 | Lair:3   | Got a scorched crystal plate armour
 14716 | Lair:3   | Identified the +8 crystal plate armour of the Marlin {Str+3 Stlth+} (You acquired it on level 3 of the Lair of Beasts)
 14717 | Lair:3   | Found a hole to the Spider Nest.
 14734 | Lair:3   | Reached skill level 10 in Invocations
 15165 | Lair:4   | Noticed an eight-headed hydra
 15166 | Lair:4   | Banished an eight-headed hydra
 15168 | Lair:4   | Noticed a five-headed hydra
 15169 | Lair:4   | Banished a five-headed hydra
 15297 | Lair:4   | Reached skill level 13 in Armour
 15391 | Lair:4   | Noticed a catoblepas
 15391 | Lair:4   | Noticed a death yak
 15391 | Lair:4   | Noticed a catoblepas
 15574 | Lair:3   | Killed a catoblepas
 15761 | Lair:3   | Killed a death yak
 15849 | Lair:4   | Killed a catoblepas
 16013 | Lair:4   | Found a staircase to the Shoals.
 16462 | Lair:4   | Reached XP level 13. HP: 105/111 MP: 19/19
 16499 | Lair:4   | Got a clouded wooden ring
 16501 | Lair:4   | Identified the ring of Rokuss {rC+ AC+5 Str-4 Dex+3} (You found it on level 4 of the Lair of Beasts)
 16653 | Lair:4   | Noticed Kirke
 17168 | Lair:4   | Gained mutation: You have supernaturally acute eyesight. (SInv) [evolution]
 17318 | Lair:4   | Reached skill level 14 in Armour
 17333 | Lair:4   | Killed Kirke
 17333 | Lair:4   | Reached skill level 10 in Fighting
 18431 | Lair:5   | Reached ***** piety under Lugonu
 18431 | Lair:5   | Reached skill level 15 in Axes
 18596 | Lair:6   | Entered Level 6 of the Lair of Beasts
 19686 | Lair:6   | Reached XP level 14. HP: 106/122 MP: 21/21
 19904 | Lair:6   | Reached skill level 15 in Armour
 20578 | Lair:6   | Gained mutation: Your flesh is cold resistant. (rC+) [evolution]
 21495 | Lair:6   | Got a flickering bronze ring
 21544 | Lair:6   | Identified the ring "Remetil" {rF- MP+9 Str+4 Int+5} (You found it on level 6 of the Lair of Beasts)
 21650 | Lair:6   | Found a staircase to the Slime Pits.
 22263 | D:10     | Found a staircase to the Orcish Mines.
 22935 | D:11     | Noticed Urug
 22952 | D:11     | Killed Urug
 23046 | D:11     | Noticed Erica
 23052 | D:11     | Noticed Harold
 23066 | D:11     | Killed Erica
 23081 | D:11     | Killed Harold
 23081 | D:11     | Reached skill level 16 in Armour
 23476 | D:12     | Reached ****** piety under Lugonu
 23984 | D:12     | Noticed Josephine
 24000 | D:12     | Killed Josephine
 24180 | D:13     | Reached XP level 15. HP: 132/132 MP: 23/23
 24401 | D:13     | Found a gate to the Vaults.
 24427 | D:13     | Lost mutation: You possess an exceptional clarity of mind. [potion of mutation]
 24427 | D:13     | Lost mutation: Armour fits poorly on your strangely shaped body. [potion of mutation]
 24427 | D:13     | Lost mutation: Your flesh is cold resistant. (rC+) [potion of mutation]
 24427 | D:13     | Lost mutation: You are covered in fur. (AC +1) [potion of mutation]
 24427 | D:13     | Lost mutation: You evolve. [potion of mutation]
 24427 | D:13     | Gained mutation: You are frail. (-10% HP) [potion of mutation]
 24427 | D:13     | Gained mutation: Your spells are a little harder to cast, but a little more powerful. [potion of mutation]
 24427 | D:13     | Gained mutation: You possess an exceptional clarity of mind. [potion of mutation]
 24944 | D:13     | Found Deosof's Magic Scroll Shop.
 24979 | D:13     | Bought a scroll of teleportation for 39 gold pieces
 25053 | D:14     | Noticed Nessos
 25063 | D:14     | Killed Nessos
 25283 | D:14     | Found Duboplea's Armour Shop.
 25573 | D:14     | Reached skill level 10 in Shields
 26214 | D:15     | Entered Level 15 of the Dungeon
 26280 | D:15     | Found an iron altar of Okawaru.
 26359 | D:15     | Found a labyrinth entrance.
 26360 | D:15     | Reached skill level 17 in Armour
 26369 | Lab      | Entered a labyrinth
 26679 | Lab      | Got a scorched silver ring
 26802 | Lab      | Got a scorched bone ring
 26843 | D:15     | Identified the ring of Brawl {rF- rC++ rN+ MP+9 Int+4} (You took it off a minotaur in a labyrinth)
 26846 | D:15     | Identified the ring "Xerchom" {rElec rPois Str+4} (You found it in a labyrinth)
 26867 | D:15     | Found a frozen archway.
 26901 | IceCv    | Entered an ice cave
 27341 | IceCv    | Got an ivory broad axe
 27358 | IceCv    | Got a translucent demon trident
 27633 | D:15     | Identified the +7 broad axe "Ziag" {venom, *Slow rC+ rN+ Str+2 Stlth+} (You found it in an ice cave)
 27635 | D:15     | Identified the +4 demon trident "Dopinoxt" {vamp, Int+2} (You found it in an ice cave)
 27773 | D:15     | Found a staircase to the Depths.
 28887 | Orc:1    | Entered Level 1 of the Orcish Mines
 29248 | Orc:2    | Entered Level 2 of the Orcish Mines
 29425 | Orc:2    | Noticed Erolcha
 29434 | Orc:2    | Killed Erolcha
 29507 | Orc:2    | Found Ikunko's Weapon Shoppe.
 29507 | Orc:2    | Found Ofruak's Armour Shop.
 29509 | Orc:2    | Found Qytsi's Distillery.
 29512 | Orc:2    | Found Ymal's Armour Emporium.
 29529 | Orc:2    | Reached XP level 16. HP: 108/128 MP: 24/24
 29559 | Orc:2    | Bought a potion of heal wounds for 65 gold pieces
 29566 | Orc:2    | Bought the +7 hand axe "Axiqut" {drain, Str+7 Dex+4} for 1269 gold pieces
 29732 | Orc:2    | Noticed Patr1k's ghost (adept GrBe)
 29744 | Orc:2    | Killed Patr1k's ghost
 29940 | Orc:2    | Found a staircase to the Elven Halls.
 30156 | Orc:2    | Found Vikloc's Gadget Shop.
 30673 | Spider:1 | Entered Level 1 of the Spider Nest
 33503 | Spider:3 | Reached skill level 18 in Armour
 33880 | Spider:3 | Reached skill level 1 in Throwing
 34238 | Spider:4 | Entered Level 4 of the Spider Nest
 35132 | Spider:4 | Reached XP level 17. HP: 136/136 MP: 26/26
 36128 | Spider:4 | Got a gossamer rune of Zot
 36429 | Vaults:1 | Entered Level 1 of the Vaults
 36646 | Vaults:1 | Noticed Aizul
 36669 | Vaults:1 | Killed Aizul
 36915 | Vaults:1 | Found Juciamue's Weapon Boutique.
 36928 | Vaults:1 | Found Nyskum's Armour Emporium.
 37251 | Vaults:1 | Reached skill level 15 in Shields
 37669 | Vaults:1 | Noticed Asterion
 37678 | Vaults:1 | Killed Asterion
 38381 | Vaults:2 | Reached skill level 19 in Armour
 38559 | Vaults:2 | Found Xaosulu's Weapon Emporium.
 38575 | Vaults:2 | Got a pair of ichor-stained gloves
 38586 | Vaults:2 | Identified the +1 pair of gloves of the Camelopard {rC+ MR++ Int-2 Stlth+} (You found it on level 2 of the Vaults)
 38746 | Vaults:2 | Reached XP level 18. HP: 89/145 MP: 27/27
 39097 | Vaults:2 | Reached skill level 15 in Fighting
 39787 | Vaults:2 | Reached skill level 15 in Invocations
 40728 | Vaults:3 | Noticed Frederick
 40905 | Vaults:2 | Killed Frederick
 41284 | Vaults:3 | Reached XP level 19. HP: 154/154 MP: 29/29
 41373 | Vaults:3 | Paralysed by a great orb of eyes for 6 turns
 41738 | Vaults:3 | Found a staircase to the Crypt.
 42361 | Vaults:4 | Noticed Margery
 42369 | Vaults:4 | Reached skill level 20 in Armour
 42391 | Vaults:4 | Killed Margery
 42887 | Vaults:4 | Noticed Jorgrun
 42896 | Vaults:4 | Killed Jorgrun
 43098 | Vaults:4 | Noticed Sojobo
 43498 | Vaults:4 | Killed Sojobo
 44516 | Vaults:5 | Entered Level 5 of the Vaults
 44517 | Vaults:5 | Corrupted Vaults:5
 44921 | Shoals:1 | Entered Level 1 of the Shoals
 44955 | Shoals:1 | Reached XP level 20. HP: 125/164 MP: 31/31
 45859 | Shoals:2 | Noticed Roxanne
 45905 | Shoals:2 | Killed Roxanne
 48327 | Shoals:4 | Entered Level 4 of the Shoals
 48327 | Shoals:4 | Noticed Ilsuiw
 48384 | Shoals:3 | Killed Ilsuiw
 48621 | Shoals:4 | Noticed Cedric's ghost (adept GrGl)
 49231 | Shoals:4 | Identified the Papyrus of the Supportive Blaze
 49387 | Shoals:4 | Got a heavily runed marble ring
 49561 | Shoals:4 | Killed Cedric's ghost
 49561 | Shoals:4 | Reached skill level 21 in Armour
 50188 | Shoals:4 | Got a barnacled rune of Zot
 51428 | Vaults:4 | Reached XP level 21. HP: 171/172 MP: 32/32
 52411 | Vaults:5 | Noticed an ancient lich
 52412 | Vaults:5 | Noticed a golden dragon
 52775 | Vaults:4 | HP: 5/174 [ancient lich/iron shot (60)]
 52779 | Vaults:4 | Killed from afar by an ancient lich

Skill      XL: |  1  2  3  4  5  6  7  8  9 10 11 12 13 14 15 16 17 18 19 20 21 |
---------------+----------------------------------------------------------------+-----
Fighting       | 4 5 6 7 8 9 10 11 13 14 15 16 17 18 | 18.0
Invocations    | 2 3 4 6 7 9 10 11 12 13 14 15 16 17 | 17.2
Armour         | 3 4 5 6 8 10 11 12 13 14 16 17 18 19 20 21 | 21.5
Axes           | 3 4 5 6 7 9 11 12 14 15 16 17 18 19 20 | 20.4
Shields        | 1 2 4 5 7 8 9 11 13 15 16 18 19 20 | 20.7
Dodging        | 2 3 |  3.6
Throwing       | 1 |  1.1

Action                   |  1- 3 |  4- 6 |  7- 9 | 10-12 | 13-15 | 16-18 | 19-21 || total
-------------------------+-------+-------+-------+-------+-------+-------+-------++-------
Melee: Hand axe          |    83 |   155 |       |       |       |  1486 |  1604 ||  3328
       Headbutt          |    11 |    36 |    77 |   156 |   424 |   608 |   593 ||  1905
       War axe           |       |    29 |   390 |   593 |  1418 |     5 |       ||  2435
       Falchion          |       |       |       |       |       |       |    14 ||    14
Throw: Tomahawk          |       |       |       |     3 |       |     2 |     2 ||     7
       Javelin           |       |       |       |     2 |       |       |     2 ||     4
Invok: Depart the Abyss  |     1 |       |       |     1 |       |       |       ||     2
       Banish            |       |       |     4 |    18 |     7 |       |    15 ||    44
       Bend Space        |       |       |       |       |     1 |       |       ||     1
       Corrupt           |       |       |       |       |       |       |     1 ||     1
  Use: Scroll            |     6 |     6 |    12 |     9 |    16 |     4 |     7 ||    60
       Potion            |       |     1 |     9 |     5 |     2 |       |     8 ||    25
 Stab: Distracted        |       |       |       |       |       |       |     1 ||     1
  Eat: Chunk             |     1 |     8 |    16 |    22 |    40 |    26 |    17 ||   130
       Bread ration      |       |       |     3 |       |       |     1 |       ||     4
       Meat ration       |       |       |       |     1 |       |       |       ||     1
       Royal jelly       |       |       |       |       |     3 |     3 |    20 ||    26
       Fruit             |       |       |       |       |       |     2 |       ||     2
Armor: Chain mail        |   105 |   116 |   240 |   208 |       |       |       ||   669
       Crystal plate arm |       |       |       |   124 |  1096 |   761 |   862 ||  2843
Dodge: Dodged            |    59 |    65 |   135 |   188 |   382 |   354 |   431 ||  1614
Block: Buckler           |    24 |    34 |   140 |   217 |   538 |       |       ||   953
       Reflection        |       |       |     1 |     1 |    63 |    28 |   126 ||   219
       Shield            |       |       |       |       |   237 |  1270 |  1819 ||  3326
       Rpst.: Falchion   |       |       |       |       |       |       |     2 ||     2
